 Dungeon Sprint DCSS version 0.30-a0-802-gb92711bcdf (webtiles) character file.

Game seed: 4303848449845578594

25 sircluck the Ruffian (level 2, -6/31 HPs)
             Began as a Troll Berserker on Feb 23, 2023.
             Was a Follower of Trog.
             Mangled by a raiju (7 damage)
             ... in the Dungeon (Sprint I: "Red Sonja").
             The game lasted 00:00:27 (135 turns).

sircluck the Ruffian (Troll Berserker)               Turns: 135, Time: 00:00:28

Health: -6/31      AC:  4    Str: 24    XL:     2   Next: 82%
Magic:  1/1        EV: 10    Int:  3    God:    Trog [*.....]
Gold:   0          SH:  0    Dex:  9    Spells: 1/1 levels left

rFire   . . .      SeeInvis .      - Unarmed
rCold   . . .      Faith    .    (no shield)
rNeg    . . .      Spirit   .    a - +0 animal skin
rPois   .          Reflect  .    (helmet restricted)
rElec   .          Harm     .    (no cloak)
rCorr   .          Rampage  .    (gloves unavailable)
Will    .....      NoTele   +    (boots unavailable)
Stlth   +                        (no amulet)
HPRegen 1.05/turn                (no ring)
MPRegen 0.07/turn                (no ring)

@: no status effects
A: large, unfitting armour, claws 3, regeneration 1, shaggy fur 1, tough skin 1
a: Renounce Religion, Berserk


You were in the Dungeon.
You worshipped Trog.
Trog was aware of your devotion.
You visited 1 branch

Inventory:

Armour
 a - a +0 animal skin (worn)
Wands
 h - a wand of polymorph (4)
Scrolls
 g - a scroll of blinking
Potions
 b - a potion of curing
 c - a potion of heal wounds
 d - a potion of haste
 e - 2 potions of magic
 f - a potion of berserk rage


   Skills:
 + Level 3.5 Fighting
 + Level 3.6 Dodging
 + Level 4.5 Unarmed Combat


You had one spell level left.
You didn't know any spells.
Your spell library was empty.

Dungeon Overview and Level Annotations

Branches:
Dungeon (1/1)

Altars:


Innate Abilities, Weirdness & Mutations

You are too large for most types of armour.
You have claws for hands.
Your natural rate of healing is unusually fast.
You are covered in fur. (AC +1)
You have tough skin. (AC +1)


Message History

Press: ? - help, Q - select action Shift-Dir - straight line, f - ogre
Aim: an ogre, wielding a +0 giant club (will become a bullfrog, a raiju, or a swamp drake, chance to affect: 49%)
The ogre evaporates and reforms as a raiju!
You claw the raiju!
The raiju is moderately wounded.
You miss the raiju.
The raiju is moderately wounded.
The raiju closely misses you.
You barely miss the raiju.
The raiju is moderately wounded.
The raiju misses you.
You closely miss the raiju.
The raiju is moderately wounded.
The raiju bites you. The raiju shocks you!
You closely miss the raiju.
The raiju is lightly wounded.
The raiju bites you! The raiju shocks you!
* * * LOW HITPOINT WARNING * * *
You scratch the raiju but do no damage.
The raiju is lightly wounded.
The raiju bites you but does no damage.
You scratch the raiju.
The raiju is moderately wounded.
The raiju bursts into living lightning!
The living lightning hits you!
* * * LOW HITPOINT WARNING * * *
The raiju blinks!
You claw the raiju!
The raiju is severely wounded.
The raiju bursts into living lightning!
The living lightning misses you.
The raiju blinks!
Things that are here:
a +0 dagger; a +0 scale mail The raiju closely misses you.
You claw the raiju!
The raiju is almost dead.
The raiju bites you.
* * * LOW HITPOINT WARNING * * *
The raiju shocks you!
You die...

##########
#<.#..h).#
#..')@#..+
#..#### +#
#..# #..#
#..# #⌠⌠#
####


You could see a raiju.

Vanquished Creatures
  Ijyb (D)
1 creature vanquished.

Notes
Turn   | Place    | Note
-------+----------+-------------------------------------------
     0 | D        | sircluck the Troll Berserker began the quest for the Orb.
     0 | D        | Reached XP level 1. HP: 22/22 MP: 0/0
     1 | D        | Noticed Ijyb
     9 | D        | Killed Ijyb
    10 | D        | Reached skill level 4 in Unarmed Combat
    10 | D        | Reached XP level 2. HP: 31/31 MP: 1/1
   122 | D        | Noticed an ogre
   123 | D        | an ogre changed into a raiju
   123 | D        | Noticed a raiju
   135 | D        | HP: 1/31 [raiju (6)]
   135 | D        | Mangled by a raiju

Illustrated notes

Levels and vault maps discovered:
D:        dungeon_sprint_1 [red_sonja_temple_1, red_sonja_temple_small_1]

Skill      XL: |  1 |
---------------+----+-----
Fighting       | 3 |  3.5
Dodging        | 3 |  3.6
Unarmed Combat | 4 |  4.5

Action                     || total
---------------------------++-------
  Melee: Unarmed           ||    16
  Evoke: Wand              ||     1
 Armour: Animal skin       ||     2
  Dodge: Dodged            ||     7

Table legend: (Time is in decaauts)
 A = Elapsed time spent in this place.
 B = Non-inter-level travel time spent in this place.
 C = Inter-level travel time spent in this place.
 D = Time resting spent in this place.
 E = Time spent auto-exploring this place.
 F = Levels seen in this place.
 G = Mean time per level.
                   A        B        C        D        E       F      G
               +--------+--------+--------+--------+--------+-----+--------+
         Total |    134 |    134 |      0 |    108 |      1 |   1 |  134.0 |
       Dungeon |    134 |    134 |      0 |    108 |      1 |   1 |  134.0 |
               +--------+--------+--------+--------+--------+-----+--------+

Top non-repeatable levels by time:
       D: 134 daAuts
